[Event "Early-Titled-Tuesday-Blitz-January-23-2024"]
[Site "Chess.com"]
[Date "2024.01.23"]
[Round "5"]
[White "Glidzhian_Gor"]
[Black "JoliyRoger"]
[Result "0-1"]
[WhiteElo "2578"]
[BlackElo "2473"]
[TimeControl "180+1"]
[EndTime "8:56:19 PST"]
[Termination "JoliyRoger won by resignation"]

1. e4 c6 2. d4 d5 3. Nc3 dxe4 4.
Nxe4 Bf5 5. Ng3 Bg6 6. h4 h6 7. Nh3 e6 8. Nf4 Bh7 9. Bc4 Nf6 10. O-O Bd6 11. Re1 Bxf4 12. Bxf4 O-O 13. c3 Nbd7 14. Qf3 Nd5 15. Bd6 Re8 16. Nh5 Qxh4 17. g3 Qg5 18. Kg2 Rad8 19. Bb3 N7f6 20. Nxf6+ Nxf6 21. Bf4 Qg4 22. Qxg4 Nxg4 23. f3 Nf6 24. g4 Nd5 25. Bg3 Bg6 26. Kf2 a6 27. a4 Rd7 28. a5 Red8 29. Bc4 Nf6 30. Re5 Nd5 31. Rae1 Kf8 32. f4 Bh7 33. Kf3 Bg8 34. g5 f6 35. gxf6 gxf6 36. Rh5 Rh7 37. Reh1 Kg7 38. Be1 Bf7 39. R5h3 h5 40. f5 exf5 41. Bd3 Be6 42. Rg1+ Kf7 43. Bh4 f4 44. Rh2 Bg4+ 45. Kf2 f5 46. Bg5 Re8 47. Rxg4 fxg4 48. Bxf4 Rhh8 49. Be5 Rh6 50. Kg3 h4+ 51.
Rxh4 Rxh4 52. Kxh4 Ne3 53. Kg3 Nd1 54. Kxg4 Nxb2 55. Be2 Ke6 56. Kf4 Kd5 57. Ke3 Nc4+ 58. Kf4 Nxe5 59. dxe5 Rxe5 60. Bc4+ Kd6 61. Bxa6 bxa6 0-1

[Event "Early-Titled-Tuesday-Blitz-January-23-2024"]
[Site "Chess.com"]
[Date "2024.01.23"]
[Round "5"]
[White "AsselLesbekova"]
[Black "Shuvalov"]
[Result "0-1"]
[WhiteElo "2284"]
[BlackElo "2464"]
[TimeControl "180+1"]
[EndTime "8:56:21 PST"]
[Termination "Shuvalov won by resignation"]

1. e4 e6 2. d4 d5 3. Nc3 Bb4 4. Ne2 Nc6 5. a3 Ba5 6. b4 Bb6 7. exd5 exd5 8. Be3 Nf6 9. Ng3 O-O 10. Be2 Re8 11.
O-O h6 12. Nh5 Nxh5 13. Bxh5 Bf5 14. Bf3 Ne7 15. Bg4 c6 16. Re1 Qd7 17. Bf3 Bc7 18.
Qd2 Ng6 19. g3 Re7 20. Rac1 Rae8 21. Na4 b6 22. c4 Be4 23. Bxe4 Rxe4 24. Qc2 Bd8 25.
cxd5 cxd5 26. Nc3 R4e6 27. Qa4 Qb7 28. Qb5 Bg5 29. Qxd5 Qe7 30. Qf3 Bxe3 31. Nd5 Bxf2+ 32. Kxf2 Qd6 33. Rxe6 Rxe6 34. Rc8+ Nf8 35. Rc4 Nd7 36.
Nf4 Rf6 37. Kg2 g5 38. Qa8+ Nf8 39. Nd5 Re6 40. Rc8 Kg7 41. Rc2 Re4 42. Rd2 Qe6 43. Nc3 Re3 44. Nd1 Re2+ 45. Rxe2 Qxe2+ 46. Kh3 Qxd1 47. Qe4 Qf1+ 48. Kg4 f5+ 49. Qxf5 h5+ 50. Kxg5 Nh7+ 51. Qxh7+ Kxh7 52. d5 Qd3 53. Kxh5 Qxd5+ 54. Kh4 Qb3 55. g4 Qxa3 56. Kh5 Qxb4 57. g5 Qc5 58. h4 Kg7 59. Kg4 b5 60. Kh5 b4 61. Kg4 b3 62. h5 b2 63. h6+ Kg6 64. h7 Kxh7 65. g6+ Kxg6 0-1

[Event "Early-Titled-Tuesday-Blitz-January-23-2024"]
[Site "Chess.com"]
[Date "2024.01.23"]
[Round "5"]
[White "mishanick"]
[Black "eljanov"]
[Result "0-1"]
[WhiteElo "3063"]
[BlackElo "2878"]
[TimeControl "180+1"]
[EndTime "8:56:23 PST"]
[Termination "eljanov won on time"]

1. d4 d5 2. c4 e6 3. Nc3 Nf6 4. Bg5 Be7 5. e3 h6 6. Bxf6 Bxf6 7. cxd5 exd5 8. Qb3 c6 9. Nf3 O-O 10. Bd3 Be7 11. O-O Bd6 12. e4 dxe4 13. Nxe4 Bc7 14. h3 Nd7 15. Rfe1 Nf6 16. Nc5 b6 17. Ne4 Be6 18.
Qc2 Bd5 19. Nxf6+ Qxf6 20. Bh7+ Kh8 21. Be4 Rad8 22. Bxd5 Rxd5 23. Re4 c5 24. Rae1 Bd6 25. Qb3 Rf5 26. Re8 Kg8 27. dxc5 Rxc5 28. Qd3 Rc8 29. Rxc8 Rxc8 30. b3 Bc5 31. g3 Rd8 32. Qe4 a5 33. Kg2 g6 34. Re2 h5 35. h4 Kg7 36. Ng5 Qd6 37. Qf3 Qd5 38. Re4 Rd7 39.
Kh2 f5 40. Re2 Qxf3 41. Nxf3 Kf6 42. Kg2 Re7 43. Rd2 Kf7 44. Ng5+ Ke8 45. Kf3 Rd7 46. Re2+ Re7 47. Ne6 Bb4 48. Nf4 Rxe2 49. Kxe2 Kf7 50. Nd5 Bc5 51. Nf4 Kf6 52. Nd3 Bd4 53. Kf3 g5 54. hxg5+ Kxg5 55. Nf4 Be5 56. Nd5 b5 57. Ke3 Bd6 58. Kf3 Bc5 59. Kg2 b4 60. f4+ Kg6 61.
Kf3 Kf7 62. Ne3 Ke6 63. Nc4 Kd5 64. Nxa5 Kd4 65. Nc4 Kc3 66. Ke2 Kc2 67. Nd2 Kb2 68. Nf3 Kxa2 69. Nh4 Kxb3 70. Nxf5 Kc2 71. Ng7 b3 72. Ne6 Bb6 0-1

[Event "Early-Titled-Tuesday-Blitz-January-23-2024"]
[Site "Chess.com"]
[Date "2024.01.23"]
[Round "5"]
[White "Onischuk_V"]
[Black "FARIZA2018"]
[Result "1-0"]
[WhiteElo "2811"]
[BlackElo "2547"]
[TimeControl "180+1"]
[EndTime "8:56:25 PST"]
[Termination "Onischuk_V won on time"]

1. e4 e5 2. Nf3 Nc6 3. Bb5 a6 4.
Ba4 Nf6 5. O-O Be7 6. Re1 b5 7. Bb3 d6 8. c3 O-O 9. h3 Bb7 10. d3 Na5 11. Bc2 c5 12. Nbd2 Nc6 13. Nf1 Re8 14.
Ng3 g6 15. Bh6 Bf8 16. Qd2 Bxh6 17. Qxh6 Qe7 18. Rad1 Qf8 19. Qg5 Qg7 20. d4 h6 21.
Qd2 exd4 22. cxd4 cxd4 23. Nxd4 Rad8 24. Ndf5 gxf5 25. Nxf5 Qf8 26. Nxh6+ Kh8 27. Nf5 Ne5 28. f4 Ng6 29. Qd4 Re6 30. e5 Nd5 31. exd6+ Kg8 32.
Bb3 Ngxf4 33. Bxd5 Nxd5 34. Qg4+ Rg6 35. Ne7+ Kg7 36. Nxg6 fxg6 37. Rxd5 Bxd5 38. Qd4+ Qf6 39. Qxd5 Rxd6 40. Qb7+ Kh6 41. Qe4 Qd4+ 42. Qxd4 Rxd4 43. Kf2 a5 44. Ke3 Rd6 45. Re2 Kg5 46. Rf2 b4 47.
g3 Rd1 48. b3 Rd6 49. Ke4 Rd1 50. Rc2 Re1+ 51. Kf3 Rd1 52. Rc5+ Kf6 53. Rxa5 Rd3+ 54. Kf2 Rd2+ 55. Ke3 Rh2 56. h4 Rg2 57. Kf3 Rc2 58. Ra4 Kf5 59. Rxb4 Rxa2 60. Rb5+ Kf6 61. b4 Rb2 62. Kf4 Rf2+ 63. Kg4 Rb2 64. Rb6+ Kf7 65. Kg5 Rg2 66. g4 Rb2 67. Rb7+ Kf8 68. Kxg6 1-0

[Event "Early-Titled-Tuesday-Blitz-January-23-2024"]
[Site "Chess.com"]
[Date "2024.01.23"]
[Round "5"]
[White "enriquetejedor"]
[Black "Casper"]
[Result "0-1"]
[WhiteElo "2724"]
[BlackElo "2572"]
[TimeControl "180+1"]
[EndTime "8:56:25 PST"]
[Termination "Casper won by resignation"]

1. d4 d5 2. Nf3 Nf6 3. Nbd2 Bg4 4.
c4 e6 5. Qb3 Nc6 6. e3 a6 7.
Ne5 Nxe5 8. dxe5 Nd7 9. h3 Bh5 10. cxd5 Nxe5 11. dxe6 Be7 12. Be2 Bxe2 13. exf7+ Nxf7 14. Kxe2 O-O 15. Rd1 Kh8 16. Nf3 Bd6 17. Bd2 Ng5 18. Bc3 Ne4 19. Rd4 Qe7 20. Rad1 Rae8 21. Qxb7 Nxf2 22. Bd2 Nxd1 23. Kxd1 Rb8 24. Qxa6 Rxb2 25.
Qc4 Qe8 26. Re4 Qg6 27. Rg4 Qb1+ 28. Ke2 Qxa2 29. Qxa2 Rxa2 30. Kd3 Kg8 31. Bc3 g6 32. h4 Rd8 33. Bf6 Be7+ 34. Bd4 c5 35. h5 cxd4 36. exd4 Kg7 37. hxg6 hxg6 38. Ne5 Ra6 39. Re4 Bf6 40. Nf3 Ra3+ 41. Ke2 Ra2+ 42. Kf1 Rb8 43. Kg1 Rbb2 44. Rg4 Re2 45. Kh2 Kf7 46. Kh3 Ra1 47.
d5 Rd1 48. Rc4 Rxd5 49. Rc7+ Ke6 50. Rc4 Rh5+ 51. Kg3 Ra2 52. Rc6+ Kf7 53. Rc7+ Ke6 54. Rc6+ Ke7 55. Rc7+ Kd6 56. Rb7 Be5+ 57. Nxe5 Kxe5 58. Rb6 Rg5+ 59. Kh3 Raxg2 60. Rb5+ Kf6 61. Rb6+ Kg7 62.
Rb7+ Kh6 63. Rb8 Rg1 64. Kh2 R1g4 65. Kh3 Ra4 66. Rh8+ Kg7 67. Rc8 Ra1 68. Kh2 Ra7 69.
Rc3 Kf6 70. Rf3+ Ke5 71. Re3+ Kf4 72. Rd3 Rh7+ 73. Rh3 Rxh3+ 74. Kxh3 Rh5+ 0-1

[Event "Early-Titled-Tuesday-Blitz-January-23-2024"]
[Site "Chess.com"]
[Date "2024.01.23"]
[Round "5"]
[White "FairChess_on_YouTube"]
[Black "MightyGMpretender"]
[Result "1-0"]
[WhiteElo "3104"]
[BlackElo "2747"]
[TimeControl "180+1"]
[EndTime "8:56:26 PST"]
[Termination "FairChess_on_YouTube won by resignation"]

1. c4 Nf6 2. Nc3 c5 3. g3 d5 4. cxd5 Nxd5 5. Bg2 Nc7 6. d3 Nc6 7. Bxc6+ bxc6 8. Nf3 f6 9. Qa4 e5 10. Be3 Be7 11. Bxc5 Bd7 12. Qa3 Bxc5 13. Qxc5 Kf7 14. O-O Ne6 15. Qd6 Qe7 16. Ne4 Qxd6 17. Nxd6+ Ke7 18.
Nf5+ Kf7 19. Ne3 c5 20. Rfc1 Rhb8 21. Nc4 Ke7 22. Nfd2 Nd4 23. Kf1 h5 24. h4 Bg4 25.
f3 Be6 26. Kf2 a5 27. Rab1 a4 28. Ne4 Rb5 29. Na3 Rba5 30. e3 Nc6 31. Rxc5 Rxc5 32. Nxc5 Bxa2 33. Rc1 Nb4 34. Ke2 Bb3 35. Nxb3 axb3 36.
Rc3 Na2 37. Rc7+ Kd6 38. Rb7 Kc6 39. Rxg7 Rxa3 40. g4 hxg4 41. h5 Ra8 42. fxg4 Kd5 43. h6 Rh8 44. h7 Ke6 45. Rb7 Nc1+ 46. Kd2 Na2 47. d4 Rc8 48. Rxb3 Rh8 49. Rb7 Kd5 50. dxe5 Kxe5 51. Kd3 Nc1+ 52. Kd2 Na2 53. b4 Rd8+ 54. Kc2 Rc8+ 55. Kb2 Nc1 56. Rd7 Ne2 57. b5 Rh8 58. b6 Ke4 59. b7 Kxe3 60. Rg7 Rb8 61. Kb3 Nd4+ 62. Kc4 Rh8 63. Re7+ Kf4 64. Kxd4 Kxg4 65.
Rg7+ Kf5 66. Rg8 1-0

[Event "Early-Titled-Tuesday-Blitz-January-23-2024"]
[Site "Chess.com"]
[Date "2024.01.23"]
[Round "5"]
[White "Quattroporte300"]
[Black "JuniorJumper"]
[Result "0-1"]
[WhiteElo "2438"]
[BlackElo "2568"]
[TimeControl "180+1"]
[EndTime "8:56:26 PST"]
[Termination "JuniorJumper won on time"]

1. e4 e5 2. Nf3 Nc6 3. Nc3 Nf6 4.
Bb5 Bb4 5. O-O Bxc3 6. bxc3 d6 7.
d3 O-O 8. Bxc6 bxc6 9. h3 h6 10. Re1 Qe7 11. Rb1 c5 12. Qe2 Be6 13. a3 Rab8 14. Bd2 Rb6 15. d4 Bd7 16. d5 Rfb8 17. Rxb6 Rxb6 18. c4 Ba4 19. Qd3 Qd8 20. Ba5 Rb2 21.
Rc1 Qb8 22. Nd2 Ne8 23. Qc3 Rb7 24. g3 Qc8 25. Kg2 Nf6 26. Qe3 Rb2 27. Qc3 Rb7 28. Qe3 Kh7 29. Bc3 Qd7 30. f4 exf4 31. gxf4 Nh5 32.
Qf3 g6 33. f5 Qe7 34. f6 Qd7 35. Kh2 Rb8 36. Qg4 Qxg4 37. hxg4 Nf4 38. Rb1 Rxb1 39. Nxb1 Bxc2 40. Nd2 Nd3 41. Ba5 Nf2 42. Bxc7 Nxg4+ 43. Kg3 Nxf6 44. Bxd6 Nxe4+ 45. Nxe4 Bxe4 46. Bxc5 Bd3 47. Bxa7 Bxc4 48. d6 Bb5 49. Bd4 g5 50. Kg4 Kg6 51. Kf3 Kf5 52. Bg7 h5 53. Ke3 Ke6 54. Bf8 f5 55.
Kd4 f4 56. Kc5 Ba4 57. Kb4 Bd7 58. a4 f3 59. Bg7 f2 0-1

[Event "Early-Titled-Tuesday-Blitz-January-23-2024"]
[Site "Chess.com"]
[Date "2024.01.23"]
[Round "5"]
[White "Kopytkin"]
[Black "jk13"]
[Result "1/2-1/2"]
[WhiteElo "2399"]
[BlackElo "2637"]
[TimeControl "180+1"]
[EndTime "8:56:27 PST"]
[Termination "Game drawn - insufficient material"]

1. d4 Nf6 2. Bg5 Ne4 3. Bf4 Nc6 4. d5 e5 5. Bg3 Nxg3 6. hxg3 Nb8 7. Nc3 Bc5 8. Ne4 Bb6 9. d6 O-O 10. Nf3 Nc6 11.
Qd3 g6 12. g4 f6 13. g5 f5 14.
Nf6+ Rxf6 15. gxf6 Qxf6 16. O-O-O cxd6 17. e3 Bc5 18. Qb3+ Kg7 19. Bc4 Na5 20. Qc3 Nxc4 21. Qxc4 b6 22. Qh4 Qxh4 23. Rxh4 Bb7 24. c3 b5 25. b4 Bb6 26. Rxd6 Bc6 27. Nxe5 Bc7 28. Rxc6 dxc6 29. Nxc6 a6 30. Nd4 Be5 31. g3 Rc8 32. Kd2 h5 33. Rh1 Kf6 34. Rd1 g5 35. Ke2 h4 36. gxh4 gxh4 37.
Kd3 Rh8 38. Rh1 h3 39. f4 Bxd4 40. cxd4 Ke6 41. e4 fxe4+ 42. Kxe4 h2 43. d5+ Kf6 44. d6 Ke6 45. Kf3 Kxd6 46. Kg3 Kd5 47. Rxh2 Rg8+ 48.
Kf3 Kc4 49. Rb2 Kc3 50. Rb3+ Kc4 51. f5 Rg1 52. Kf4 Rf1+ 53. Ke5 Re1+ 54. Kd6 Rd1+ 55.
Ke6 Re1+ 56. Kf7 Re2 57. f6 Rxa2 58. Rf3 Rd2 59. Ke7 Re2+ 60. Kd6 Re8 61. f7 Rf8 62.
Ke7 Rxf7+ 63. Kxf7 Kxb4 64. Ke6 a5 65. Kd5 a4 66. Kd4 a3 67. Rf1 a2 68. Ra1 Kb3 69.
Kc5 b4 70. Rxa2 Kxa2 71. Kxb4 1/2-1/2

[Event "Early-Titled-Tuesday-Blitz-January-23-2024"]
[Site "Chess.com"]
[Date "2024.01.23"]
[Round "5"]
[White "Sibelephant"]
[Black "tptagain"]
[Result "1/2-1/2"]
[WhiteElo "3080"]
[BlackElo "2926"]
[TimeControl "180+1"]
[EndTime "8:56:29 PST"]
[Termination "Game drawn by repetition"]

1. c4 e6 2. g3 d5 3. Bg2 c6 4. Qc2 d4 5. Nf3 c5 6. e3 Nc6 7. exd4 cxd4 8. O-O Nf6 9. d3 Bc5 10. Bg5 h6 11. Bxf6 gxf6 12. Nbd2 Kf8 13. a3 a5 14. Ne4 Be7 15. c5 f5 16. Ned2 a4 17.
Rfe1 Ra5 18. b4 axb3 19. Nxb3 Ra7 20. Nfd2 h5 21. Nc4 h4 22. Nb6 Na5 23. Rac1 Nxb3 24. Qxb3 h3 25. Bh1 Kg7 26. a4 Bd7 27. Nxd7 Qxd7 28. Qb5 Qc7 29. Rc4 Rd8 30. Rec1 Bf6 31. Qb6 Qxb6 32. cxb6 Ra6 33. Rb1 Rd6 34. Rcb4 Bd8 35.
Bxb7 Raxb6 36. Bf3 Rxb4 37. Rxb4 Rd7 38. Be2 Rc7 39. Rb1 Rc2 40. Bf1 Ra2 41. Bxh3 Rxa4 42. Bg2 Ra3 43. Bf1 Ra2 44. Kg2 Ba5 45. h4 Bd2 46. Kg1 Bc3 47. Bg2 Rd2 48. Bf1 Ra2 49.
Rc1 Rd2 50. Rb1 Kf6 51. Kg2 Ra2 52. Kg1 Bd2 53. Rd1 f4 54. g4 f3 55. g5+ Kg6 56. Rb1 Kh5 57. Rb7 Kxh4 58. Rxf7 Kxg5 59. Rxf3 e5 60. Rg3+ Kf6 61. Rf3+ Bf4 62. Rh3 Rb2 63.
Rh8 Kg7 64. Re8 Kf6 65. Rf8+ Kg7 66. Re8 Kf6 67. Rf8+ Kg7 68. Re8 1/2-1/2

[Event "Early-Titled-Tuesday-Blitz-January-23-2024"]
[Site "Chess.com"]
[Date "2024.01.23"]
[Round "5"]
[White "masnyszachistaaa"]
[Black "MaxLeto"]
[Result "1-0"]
[WhiteElo "2521"]
[BlackElo "2297"]
[TimeControl "180+1"]
[EndTime "8:56:29 PST"]
[Termination "masnyszachistaaa won by checkmate"]

1. c4 e5 2. Nc3 Nf6 3. Nf3 Nc6 4. e3 Bb4 5. Qc2 O-O 6. Nd5 Re8 7. Qf5 d6 8. Nxf6+ Qxf6 9. Qxf6 gxf6 10. a3 Bc5 11. b4 Bb6 12. Bb2 a5 13. b5 Nd8 14.
Be2 Ne6 15. O-O Nc5 16. a4 Bg4 17. Nd4 Be6 18. Nxe6 fxe6 19. d3 f5 20. d4 exd4 21. exd4 Ne4 22. Rfd1 Rab8 23. Bf3 Ng5 24. Be2 Ne4 25.
Rac1 Re7 26. h4 c6 27. Bf3 d5 28. Bxe4 fxe4 29. c5 Bc7 30. Bc3 b6 31. Rb1 cxb5 32.
axb5 Kf7 33. Bd2 Ke8 34. Bg5 Rf7 35. c6 Bd6 36. Ra1 Rc8 37. Re1 Kf8 38. Re3 Kg7 39.
f3 h6 40. Bxh6+ Kxh6 41. fxe4 Bf4 42. Re2 dxe4 43. Rxe4 Rf6 44. Rae1 Re8 45. d5 Bd6 46. dxe6 Bc5+ 47. Kh2 Re7 48. Kh3 Rf5 49. g4 Rf3+ 50. Kg2 Rf2+ 51. Kg3 Ra2 52. c7 Ra3+ 53. Kg2 Bd6 54.
c8=Q Ra2+ 55. R1e2 Rxe2+ 56. Rxe2 Bc5 57. Qh8+ Kg6 58. Qg8+ Kh6 59. Qg5+ Kh7 60. Qf5+ Kg7 61. g5 Rc7 62. h5 Re7 63. h6+ Kg8 64. g6 Kh8 65.
Qf6+ Kg8 66. h7+ Rxh7 67. gxh7+ Kxh7 68. e7 Be3 69. Rxe3 Kg8 70. Rh3 a4 71. Rh8# 1-0

[Event "Early-Titled-Tuesday-Blitz-January-23-2024"]
[Site "Chess.com"]
[Date "2024.01.23"]
[Round "5"]
[White "ilqar_74"]
[Black "Alexchess1984"]
[Result "1/2-1/2"]
[WhiteElo "2888"]
[BlackElo "2666"]
[TimeControl "180+1"]
[EndTime "8:56:30 PST"]
[Termination "Game drawn - insufficient material"]

1. e4 c5 2. Nf3 Nc6 3. d4 cxd4 4. Nxd4 e5 5. Nb5 d6 6. c4 g6 7. N1c3 a6 8. Na3 Bg7 9. Nd5 Be6 10. Bd3 Nf6 11.
O-O O-O 12. Bg5 Bxd5 13. cxd5 Nd4 14. Nc2 h6 15. Nxd4 hxg5 16. Nb3 Qb6 17. Rc1 Rac8 18.
Qd2 g4 19. Qa5 Qd8 20. Qxd8 Rfxd8 21. Na5 Bh6 22. Rxc8 Rxc8 23. Nxb7 Rb8 24. Nxd6 Rxb2 25. Ra1 Rd2 26. Bxa6 Bf8 27. Nc4 Rd4 28. f3 Bc5 29. Kf1 gxf3 30. gxf3 Nh5 31. a4 Nf4 32. a5 Rd3 33.
Bb5 Rxf3+ 34. Ke1 Rf2 35. Nxe5 Rxh2 36. Ra4 Rb2 37. Bc4 Bf2+ 38. Kd1 Be3 39. Ra2 Rb1+ 40.
Kc2 Rc1+ 41. Kb3 Rb1+ 42. Rb2 Rxb2+ 43. Kxb2 Bd4+ 44. Kb3 Bxe5 45. a6 Bd4 46. d6 Kf8 47. Kb4 Ne6 48. Kb5 Nd8 49. e5 Ke8 50. Bd5 Kd7 51. Kc4 Bb6 52. Kd3 Ne6 53. Kc4 g5 54. Kb5 Be3 55. Bc6+ Kd8 56. Bd5 g4 57. Kc6 g3 58.
Kb7 Nf4 59. Be4 g2 60. Bxg2 Nxg2 61. a7 Bxa7 62. Kxa7 Kd7 63. Kb6 Ne3 64. Kc5 Ng4 65. Kd5 Ne3+ 66. Ke4 Nc4 67. Kf5 Na5 68. Kf6 Nc6 69.
Kxf7 Nxe5+ 70. Kf6 Kxd6 1/2-1/2

[Event "Early-Titled-Tuesday-Blitz-January-23-2024"]
[Site "Chess.com"]
[Date "2024.01.23"]
[Round "5"]
[White "vovachesss"]
[Black "Reality-Stone"]
[Result "0-1"]
[WhiteElo "2838"]
[BlackElo "2631"]
[TimeControl "180+1"]
[EndTime "8:56:30 PST"]
[Termination "Reality-Stone won on time"]

1. e4 c6 2. c4 d5 3. cxd5 cxd5 4. exd5 Nf6 5. Qa4+ Nbd7 6. Nc3 a6 7. Nf3 g6 8. Bc4 Bg7 9. d3 O-O 10. Qa3 Nb6 11. Qb3 Bf5 12. O-O Rc8 13. Re1 Nfd7 14. Bg5 Nc5 15. Qa3 Re8 16. Rad1 Qd6 17. Re2 Bg4 18. Rde1 Bxf3 19. gxf3 Bf6 20. Be3 Nxc4 21. dxc4 Nd3 22. Qxd6 exd6 23. Rd1 Ne5 24. Kg2 Nxc4 25. Ne4 Bxb2 26. Bd4 Bxd4 27. Rxd4 Kg7 28. Kg3 f5 29. Rc2 b5 30. Ng5 h6 31. Ne6+ Kf6 32. f4 Nb6 33. Rxc8 Rxc8 34. Rd3 Rc4 35. Nf8 g5 36. fxg5+ hxg5 37.
f3 Rc8 38. Ne6 Nd7 39. Nd4 Ne5 40. Ra3 Rc5 41. Rxa6 Rxd5 42. Nb3 f4+ 43. Kf2 Kf5 44. Rb6 Rd3 45. Rxb5 Rxf3+ 46. Kg2 Rd3 47. Kf2 Kg4 48. Nc1 Rh3 49. Kg2 Rc3 50. Ne2 Rc2 51. Kf1 f3 52. Rb4+ Kh3 53. Nd4 Rd2 54. Nf5 Rd1+ 55.
Kf2 Nd3+ 56. Kxf3 Nxb4 57. Ne3 Rh1 58. Ng4 Rxh2 59. Nxh2 Kxh2 60. a4 d5 0-1

[Event "Early-Titled-Tuesday-Blitz-January-23-2024"]
[Site "Chess.com"]
[Date "2024.01.23"]
[Round "5"]
[White "Roosters19"]
[Black "azikom"]
[Result "0-1"]
[WhiteElo "2322"]
[BlackElo "2689"]
[TimeControl "180+1"]
[EndTime "8:56:30 PST"]
[Termination "azikom won on time"]

1. d4 d5 2. Nf3 e6 3. Bf4 c5 4. e3 Bd6 5. Bg3 Ne7 6. Nbd2 Nbc6 7. c3 Nf5 8. Bd3 Nxg3 9. hxg3 g6 10. Qe2 Qe7 11.
dxc5 Bxc5 12. e4 Bd7 13. exd5 exd5 14. Qxe7+ Kxe7 15. O-O h5 16. Nb3 Bb6 17. Rfe1+ Kf6 18. Bb5 Rad8 19. Rad1 Bg4 20. Rd3 a6 21. Ba4 Rd6 22.
Nbd4 Nxd4 23. Nxd4 Ba7 24. Bd1 Bc8 25. Rf3+ Kg7 26.
Re7 Rf6 27. Ree3 Bxd4 28. cxd4 Bf5 29. Re7 b5 30. Bb3 Rd8 31. Rc7 Rdd6 32. Re3 Be6 33. Re5 Kf8 34. Rc5 Bg4 35. f3 Bf5 36. Kf2 Be6 37. Ke3 Kg7 38. f4 Bf5 39. Bxd5 Bd7 40. Bb3 Rf5 41. Rxf5 Bxf5 42. Rc7 Be6 43. Bxe6 Rxe6+ 44. Kd3 Rd6 45. Rc5 Kf6 46. Ke4 Re6+ 47. Kd3 Re1 48.
Rc6+ Kf5 49. Rxa6 Rg1 50. Ra5 Rxg2 51. Rxb5+ Kg4 52. d5 Rxg3+ 53. Kc4 Rg1 54. d6 Rc1+ 55. Kd4 Rd1+ 56. Kc5 h4 57. Rb4 h3 58. f5+ Kxf5 59. Rd4 Rxd4 60. Kxd4 h2 61. d7 h1=Q 0-1

[Event "Early-Titled-Tuesday-Blitz-January-23-2024"]
[Site "Chess.com"]
[Date "2024.01.23"]
[Round "5"]
[White "Natalya_Buksa"]
[Black "vugarrasulov"]
[Result "1-0"]
[WhiteElo "2598"]
[BlackElo "2927"]
[TimeControl "180+1"]
[EndTime "8:56:32 PST"]
[Termination "Natalya_Buksa won by resignation"]

1. d4 Nf6 2. Nc3 e6 3. a3 d5 4. Bf4 c5 5. e3 a6 6. Nf3 Nc6 7. Ne5 Bd6 8. Nxc6 bxc6 9. Bxd6 Qxd6 10. dxc5 Qxc5 11. Na4 Qa5+ 12. c3 O-O 13. b4 Qc7 14. Be2 e5 15. Nc5 Nd7 16. Nxd7 Bxd7 17. c4 Be6 18.
O-O Rfd8 19. Qc2 d4 20. exd4 Rxd4 21. Rfd1 c5 22. Rxd4 exd4 23. Bd3 g6 24. h3 Rc8 25.
Rc1 Qf4 26. Rb1 Kg7 27. Qe2 Qd6 28. Qc2 h5 29. Qe2 Re8 30. Qc2 Bd7 31. Qd2 Bc6 32. b5 axb5 33. cxb5 Bd5 34. Rc1 Rc8 35. Bc4 Qe6 36.
Qd3 Ra8 37. Bxd5 Qxd5 38. b6 Rb8 39. Qb5 d3 40. Rxc5 Qd4 41. Rd5 Qxb6 42. Qxb6 Rxb6 43. Rxd3 Rb1+ 44. Kh2 Ra1 45. Kg3 Ra2 46. h4 Kf6 47.
Kf3 Ke5 48. Ke3 Ra1 49. g3 Re1+ 50. Kd2 Ra1 51. Rf3 f5 52. Kc2 Ke4 53. Rf4+ Ke5 54. Kb2 Rd1 55. a4 Kd5 56. a5 Kc5 57. Ra4 Kb5 58. Ra3 Rd2+ 59. Kc1 Rd6 60. a6 Rxa6 61.
Rxa6 Kxa6 62. Kd2 Kb5 63. Ke3 Kc4 64. Kf4 Kd3 65. Kg5 Ke2 66. f4 Kf3 67. Kxg6 Kxg3 68. Kg5 Kg2 69. Kxf5 Kf3 70. Kg5 1-0

[Event "Early-Titled-Tuesday-Blitz-January-23-2024"]
[Site "Chess.com"]
[Date "2024.01.23"]
[Round "5"]
[White "Kostya0705"]
[Black "bubeliang"]
[Result "0-1"]
[WhiteElo "2584"]
[BlackElo "2795"]
[TimeControl "180+1"]
[EndTime "8:56:35 PST"]
[Termination "bubeliang won on time"]

1. e4 c6 2. d4 d5 3. e5 c5 4. dxc5 e6 5. Nf3 Bxc5 6. Bd3 Ne7 7.
a3 Ng6 8. O-O a5 9. Re1 Nc6 10.
Bg5 Qc7 11. Qe2 O-O 12. h4 Ngxe5 13. Nxe5 Nxe5 14. Qxe5 Qxe5 15. Rxe5 f6 16. Be3 Bd6 17. Rh5 g6 18. Rh6 f5 19. h5 f4 20. hxg6 fxe3 21. gxh7+ Kh8 22. fxe3 Bc5 23. Kh2 Bxe3 24. Rg6 e5 25.
Nc3 e4 26. Nxd5 Bf5 27. Rg8+ Kxh7 28. Rxf8 Rxf8 29. Nxe3 exd3 30. Nxf5 Rxf5 31. cxd3 Rf2 32. Rd1 Rxb2 33. d4 Kg6 34. d5 Rc2 35. d6 Rc8 36.
a4 Rd8 37. Kg3 Kf6 38. Kf4 Ke6 39. g4 Kd7 40. g5 Rf8+ 41. Kg4 Rf2 42. g6 Rg2+ 43.
Kf5 Rf2+ 44. Kg5 Rg2+ 45. Kh6 Rg4 46. Kg7 Rxa4 47. Kf8 Rf4+ 48. Kg8 a4 49. g7 b5 50.
Kh7 Rh4+ 51. Kg6 Rg4+ 52. Kf6 b4 53. Rd4 Rxd4 54. g8=Q Rxd6+ 55. Ke5 Rb6 56. Qf7+ Kc6 57. Qe8+ Kc5 58. Qxa4 b3 59. Qa3+ Kc4 60. Qb2 Rc6 61.
Ke4 Re6+ 62. Kf5 Rd6 63. Ke5 Rc6 64. Ke4 Rc5 65. Qc1+ Kb4 66. Qb2 Rc2 67. Qb1 Kc3 68. Qe1+ Kc4 0-1

[Event "Early-Titled-Tuesday-Blitz-January-23-2024"]
[Site "Chess.com"]
[Date "2024.01.23"]
[Round "5"]
[White "Statham_01"]
[Black "AlexPapasimakopoulos"]
[Result "0-1"]
[WhiteElo "2535"]
[BlackElo "2717"]
[TimeControl "180+1"]
[EndTime "8:56:35 PST"]
[Termination "AlexPapasimakopoulos won by resignation"]

1. Nc3 d5 2. d4 Nf6 3. Bf4 e6 4.
e3 Bd6 5. Nf3 a6 6. Bd3 c5 7. O-O Nc6 8. dxc5 Bxc5 9. Ne5 Bd6 10. Nxc6 bxc6 11. Bxd6 Qxd6 12. Qf3 a5 13. Rad1 Ba6 14.
Bxa6 Rxa6 15. Ne4 Nxe4 16. Qxe4 O-O 17. Qd3 Rb6 18. b3 Qa3 19. h4 h6 20. g3 Rfb8 21.
e4 a4 22. c4 dxe4 23. Qxe4 axb3 24. axb3 Qxb3 25. c5 R6b7 26. Qxc6 Qb5 27. Qxb5 Rxb5 28. c6 Rc8 29. Rc1 Rb6 30. Rfd1 Rbxc6 31. Rxc6 Rxc6 32.
Rd8+ Kh7 33. h5 Rc7 34. Kg2 g6 35. hxg6+ Kxg6 36. Rg8+ Kf6 37. Rh8 Kg7 38. Rd8 Rb7 39.
g4 Rb5 40. Kg3 h5 41. gxh5 Rxh5 42. f3 Rg5+ 43. Kf4 Ra5 44. Rc8 Kf6 45. Kg3 Kf5 46.
Rh8 Ra3 47. Rh5+ Kg6 48. Rb5 f6 49. Rb7 e5 50. Kg2 Kg5 51. Rb6 f5 52. Rb4 Ra2+ 53. Kg3 f4+ 54. Kh3 Rf2 55. Rb3 Kf5 56. Ra3 Rb2 57. Rc3 Rb8 58. Kg2 Rg8+ 59. Kf2 Rh8 60. Kg2 Rg8+ 61. Kf2 Rg6 62. Rc8 Rb6 63. Rf8+ Ke6 64.
Re8+ Kd5 65. Rd8+ Rd6 66. Ra8 Rc6 67. Rd8+ Kc4 68. Re8 Rc5 69. Rd8 Rd5 70. Rc8+ Kd3 71. Re8 Rc5 72. Rd8+ Kc3 73. Kg2 Rc7 74. Kh3 Rg7 75.
Kh2 Kc4 76. Rc8+ Kd4 77. Ra8 Rg3 78. Ra3 Rg8 79. Ra4+ Ke3 80. Re4+ Kxf3 81. Rxe5 Kf2 82. Kh3 f3 83. Re7 Rh8+ 84. Kg4 Kg2 85. Ra7 f2 86. Ra2 Kg1 87. Kg3 f1=Q 0-1

[Event "Early-Titled-Tuesday-Blitz-January-23-2024"]
[Site "Chess.com"]
[Date "2024.01.23"]
[Round "5"]
[White "xakevicius91"]
[Black "WindWhistler11"]
[Result "0-1"]
[WhiteElo "2568"]
[BlackElo "2466"]
[TimeControl "180+1"]
[EndTime "8:56:35 PST"]
[Termination "WindWhistler11 won by resignation"]

1. e4 e6 2. d4 d5 3. Bd3 Nc6 4. Nf3 Nb4 5. c3 Nxd3+ 6. Qxd3 Nf6 7. e5 Nd7 8. O-O c5 9. h4 h6 10. Rd1 b6 11. Nbd2 Be7 12. h5 a5 13. Nf1 Ba6 14.
Qc2 cxd4 15. cxd4 Rc8 16. Qd2 Qc7 17. Ng3 O-O 18. b3 Qc2 19. Bb2 Bb4 20. Qxc2 Rxc2 21. Rab1 Rfc8 22. Rdc1 Bd3 23. Rxc2 Rxc2 24. a3 Be7 25. Ne1 Rd2 26. Nxd3 Rxd3 27. Ne2 Rxb3 28. Nc1 Rb5 29. a4 Rb4 30. Nd3 Rb3 31. Rd1 Ba3 32.
Bxa3 Rxa3 33. Nb2 Ra2 34. Rb1 Kf8 35. Kf1 Ke7 36. Ke2 Kd8 37. Kd3 Kc7 38. Nd1 Nb8 39.
Nc3 Rxf2 40. Nb5+ Kd7 41. Rc1 Nc6 42. Nd6 Rxg2 43. Nxf7 Rg3+ 44. Kd2 Nxd4 45. Rb1 Ke7 46. Nd6 Nf3+ 47. Ke2 Nxe5 48. Nc8+ Kf6 49. Nxb6 Nc6 50. Nd7+ Kg5 51. Rb6 Nd4+ 52. Kf2 Rf3+ 53. Kg2 Rf4 54. Ne5 Kxh5 55. Rb7 Rf5 56. Nd3 g5 57. Ra7 e5 58.
Rxa5 e4 59. Nf2 e3 60. Nd3 Nb3 61. Ra8 d4 62. Re8 Ra5 63. Ne5 Rxa4 64. Kg3 Nd2 65. Nf7 d3 66. Re6 Ne4+ 67. Kf3 g4+ 68. Kxe3 g3 69. Rxh6+ Kg4 70. Ne5+ Kf5 71. Nxd3 g2 72. Rh5+ Kg4 73. Rg5+ Nxg5 0-1